 Dungeon Crawl Stone Soup version 0.26-a0-720-g2a1d101370 (webtiles) character file.

660687 DerHolg the Conqueror (level 27, -4/273 HPs)
             Began as a Minotaur Berserker on May 4, 2018.
             Was a High Priest of Trog.
             Slain by an Executioner (5 damage)
             ... summoned by an ancient lich
             ... while petrified
             ... on level 5 of the Realm of Zot on Nov 2, 2020.
             The game lasted 09:31:07 (73158 turns).

DerHolg the Conqueror (Minotaur Berserker)         Turns: 73158, Time: 09:31:08

Health: -4/273     AC:  0    Str: 22 (24) XL:     27
Magic:  0/22       EV:  3    Int:  6      God:    Trog [*****.]
Gold:   6836       SH:  0    Dex: 19      Spells: 26/26 levels left

rFire    x . .     SeeInvis .   (weapon currently unavailable)
rCold    . . .     Faith    .   (shield currently unavailable)
rNeg     + + +     Spirit   .   (armour currently unavailable)
rPois    ∞         Reflect  .   (helmet currently unavailable)
rElec    .         Harm     .   (cloak currently unavailable)
rCorr    .         Rampage  .   (gloves currently unavailable)
MR       +++++     Clarity  +   (boots currently unavailable) Stlth +.........Rnd*Tele +
                                p - amulet of the Four Winds {rN+ MR+++ Clar}
HPRegen  0.55/turn              (ring currently unavailable)
MPRegen  0.18/turn              (ring currently unavailable)

@: pig-form, silence (expiring), petrified, fire vulnerable, very quick
A: small, (retaliatory headbutt), clever 1, teleportitis 1, weak 1
}: 3/15 runes: decaying, serpentine, silver
a: Renounce Religion


You were on level 5 of the Realm of Zot.
You worshipped Trog.
Trog was extremely pleased with you.
You were a filthy swine.
You visited 9 branches of the dungeon, and saw 49 of its levels.
You also visited: Ice Cave and Labyrinth.

You collected 7799 gold pieces.
You spent 963 gold pieces at shops.

Inventory:

Hand Weapons
 a - the +7 broad axe of the Dove {vorpal, MR+ Str+2 Int-2}
   (Trog gifted it to you on level 5 of the Vaults)

   It inflicts extra damage upon your enemies.
   It affects your strength (+2).
   It affects your intelligence (-2).
   It affects your resistance to hostile enchantments.
 b - the +13 war axe of the Skies Above (melded) {venom, +Inv Int+3}
   (Trog gifted it to you in an ice cave)

   It poisons the flesh of those it strikes.
   It affects your intelligence (+3).
   It lets you turn invisible.
 A - the +6 war axe of Nanafoifeos {vorpal, rC+}
   (You found it on level 1 of the Lair of Beasts)

   It inflicts extra damage upon your enemies.
   It protects you from cold.
 H - a +2 vampiric battleaxe
 K - a +4 broad axe of flaming
Missiles
 E - 29 javelins
Armour
 c - a +1 kite shield of reflection (melded)
 j - a +2 tower shield
 l - a +2 pair of boots (melded)
 t - a +2 cloak (melded)
 v - the +2 hat "Imosymud" {Str+3 Int+3 Stlth-}
   (You found it on level 5 of the Vaults)

   It affects your strength (+3).
   It affects your intelligence (+3).
   It makes you less stealthy.
 C - the +2 pair of gloves of the Greedy (melded) {Dex+5}
   (You found it on level 5 of the Dungeon)

   It affects your dexterity (+5).
 G - a +5 plate armour of fire resistance (melded)
Jewellery
 e - a ring of poison resistance (melded)
 m - an uncursed ring of protection from cold
 p - the amulet of the Four Winds (around neck) {rN+ MR+++ Clar}
   (You found it on level 4 of the Depths)

   [amulet of nothing]

   It protects you from negative energy.
   It affects your resistance to hostile enchantments.
   It protects you against confusion.
 q - an uncursed ring of see invisible
 B - an uncursed ring of positive energy
 D - an uncursed amulet of reflection
 O - an uncursed ring of protection from magic
 Q - the ring "Nuheag" (melded) {rElec EV+1}
   (You took it off a deep elf demonologist on level 3 of the Elven Halls)

   [ring of evasion]

   It affects your evasion (+1).
   It insulates you from electricity.
 X - the ring of Phasing {EV+8}
   (You found it on level 14 of the Dungeon)

   [ring of evasion]

   It affects your evasion (+8).
Wands
 h - a wand of digging (14)
 y - a wand of acid (17)
 J - a wand of disintegration (12)
 R - a wand of iceblast (2)
 V - a wand of random effects (15)
Scrolls
 g - 3 scrolls of summoning
 k - 15 scrolls of teleportation
 n - 35 scrolls of remove curse
 o - 5 scrolls of fear
 s - 5 scrolls of fog
 x - 3 scrolls of blinking
 F - a scroll of magic mapping
 P - a scroll of silence
 S - 3 scrolls of enchant weapon
 T - 18 scrolls of identify
 Y - a scroll of holy word
Potions
 d - 13 potions of curing
 f - 10 potions of flight
 i - a potion of ambrosia
 r - 6 potions of heal wounds
 u - 4 potions of might
 w - 3 potions of haste
 z - 4 potions of cancellation
 I - 3 potions of invisibility
 L - a potion of mutation
 M - 2 potions of berserk rage
 N - 2 potions of resistance
 U - 2 potions of magic
 W - 9 potions of stabbing


   Skills:
 O Level 27 Fighting
 - Level 23.7 Axes
 - Level 23.6 Armour
 - Level 22.1 Dodging
 - Level 19.6 Shields
 + Level 15.6 Evocations


You had 26 spell levels left.
You didn't know any spells.
Your spell library was empty.

Dungeon Overview and Level Annotations

Branches:
Dungeon (15/15)            Temple (0/1) D:4            Lair (6/6) D:9
  Swamp (4/4) Lair:4        Snake (4/4) Lair:3        Slime (0/5) Lair:6
    Orc (2/2) D:11            Elf (3/3) Orc:2        Vaults (5/5) D:13
  Crypt (0/3) Vaults:3     Depths (5/5) D:15            Zot (5/5) Depths:5

Altars:
Ashenzari
Elyvilon
Gozag
Kikubaaqudgha
Qazlal
Ru
Sif Muna
Trog
Wu Jian
Yredelemnul
Zin
Beogh
Jiyva

Shops:
D:15 ?=[   Orc:2 *(=[   Elf:3 =}   Snake:3 :   Snake:4 (   Depths:1 [
Depths:2 *[*   Depths:3 }=}

Portals:
Hell: Depths:1 Depths:2 Depths:3 Depths:4 Depths:5
Abyss: Depths:4
Pandemonium: Depths:1 Depths:3
Ziggurat: Depths:1

Annotations:
Lair:6 exclusion: oklob plant
Elf:2 3 runed doors
Depths:1 exclusion: orange crystal statue
Zot:4 2 transporters, exclusion: obsidian statue
Zot:5 exclusions: 2 obsidian statues and 1 more exclusion


Innate Abilities, Weirdness & Mutations

((You reflexively headbutt those who attack you in melee.))
((You have a pair of horns on your head.))
((You are partially covered in icy blue scales. (AC +2)))
Your mind is acute. (Int +2)
((Your flesh is cold resistant. (rC+)))
You are occasionally teleported next to monsters.
You are weak. (Str -2)


Message History

Your +5 plate armour of fire resistance melds into your body.
Your ring of poison resistance melds into your body.
The ring "Nuheag" {rElec EV+1} melds into your body.
The +13 war axe of the Skies Above {venom, +Inv Int+3} stops dripping with poison.
You feel less resistant to fire.
* * * LOW HITPOINT WARNING * * *
The obsidian statue's eyes glow briefly.
The storm dragon breathes lightning at you.
The bolt of lightning hits you!!
* * * LOW HITPOINT WARNING * * *
The Executioner hits you!
* * * LOW HITPOINT WARNING * * *
The Executioner barely misses you. The Executioner hits you.
A black draconian comes into view. It is wielding a +0 glaive.
The Executioner hits you!!
* * * LOW HITPOINT WARNING * * *
The Executioner hits you.
* * * LOW HITPOINT WARNING * * *
The Executioner hits you!
You die...

#.............+,,,..#####.###.#.
▓▓▓▓▓▓▓################ ▓▓▓*####
##..............#* *,,,,
##(..............^** **,,,
##.....^.O.......^..## *,,,
#.O.....D............# **,,
#D....!...§$§.X..^...# *,,
#.........^1....X{...# **,,
#.........§h§...p....# *,,,
#.........§§.T.......# **,,,
#.....§....X.........#**,,,,
##..........p.......#**,,,**
##.§............X.##,,,,**
##...*.$..........^.,***
▓▓8D..8##▓▓▓▓▓▓▓▓▓▓**
**..^..d3.,,,,,,,****
**^....5...^,,,,,,,,,***


You could see an orb of fire, 2 Killer Klowns, a shadow dragon, a storm dragon
(catching breath), a black draconian, 4 Orb Guardians, 2 obsidian statues, an
Executioner (summoned, fast), a friendly deep troll (summoned, berserk) and a
friendly ogre (summoned, berserk).

Vanquished Creatures
  3 orbs of fire
  3 ancient liches (Vaults:5)
  Mennas (Vaults:4)
  A juggernaut (Depths:5)
  Boris (Vaults:5)
  A Killer Klown (Zot:5)
  the Lernaean hydra (Swamp:4)
  Margery (Depths:4)
  Saint Roka (Vaults:2)
  6 curse toes
  14 golden dragons
  A bone dragon (Depths:5)
  Rupert (Lair:6)
  Jorgrun (Vaults:4)
  19 tentacled monstrosities
  3 liches
  Asterion (Elf:3)
  2 titans (Vaults:5)
  2 deep elf master archers (Elf:3)
  5 quicksilver dragons
  10 death cobs
  A deep elf blademaster (Elf:3)
  8 sphinxes
  Gastronok (Lair:3)
  2 thorn hunters (Swamp:3)
  Agnes (D:14)
  10 shadow dragons
  5 tengu reavers
  15 storm dragons
  8 nagarajas (Snake:4)
  8 draconian monks
  2 iron dragons (Vaults:5)
  15 deep elf sorcerers
  12 fire giants
  4 draconian knights
  An orc warlord (Vaults:4)
  5 draconian scorchers
  2 ghost moths
  14 frost giants
  17 vault wardens
  4 deep elf elementalists
  6 draconian shifters
  19 ironheart preservers
  A ghost moth (shapeshifter) (Vaults:5)
  A draconian stormcaller (Zot:3)
  32 very ugly things
  6 draconian annihilators
  18 stone giants
  An entropy weaver (Vaults:2)
  10 green draconians
  10 black draconians
  A vampire knight (Depths:1)
  5 deep elf demonologists
  12 red draconians
  9 purple draconians
  7 white draconians
  A minotaur (Lab)
  6 spark wasps
  8 deep elf annihilators
  The ghost of tmwh the Bludgeoner, a journeyman GrFi of Trog (D:14)
  9 deep elf death magi
  10 yellow draconians
  10 fire dragons
  13 ettins
  Josephine (D:12)
  13 yaktaur captains
  A great orb of eyes (shapeshifter) (Vaults:5)
  29 vault guards
  13 great orbs of eyes
  9 hydras
  5 rakshasas
  8 deep elf high priests
  20 naga warriors
  4 spriggan air magi
  15 ice dragons
  2 ghost crabs (Swamp:4)
  A catoblepas (Lair:6)
  4 death knights
  41 two-headed ogres
  7 centaur warriors
  10 anacondas
  14 dancing weapons
  A two-headed ogre (shapeshifter) (Depths:2)
  12 ogre magi
  13 alligators
  Erica (D:8)
  10 deep troll earth magi
  6 deep troll shamans
  3 tengu warriors
  A queen ant (shapeshifter) (Vaults:5)
  An orc high priest (Orc:2)
  3 spriggan berserkers
  A vampire mage (Depths:4)
  4 shock serpents
  2 soul eaters (Depths:3)
  10 naga sharpshooters
  5 iron trolls
  15 deep elf knights
  6 skeletal warriors
  2 fire crabs (shapeshifter) (Depths:2)
  2 salamander mystics (Snake:4)
  4 small abominations
  14 hell knights
  19 deep trolls
  8 glowing orange brains
  5 unseen horrors
  8 swamp dragons
  A shadow wraith (Vaults:3)
  7 flayed ghosts
  4 spriggan druids
  The ghost of Stone the Firebug, a novice OpFE of Vehumet (D:9)
  A glowing orange brain (shapeshifter) (Vaults:1)
  A lindwurm (shapeshifter) (Vaults:1)
  Pikel (D:5)
  6 wizards
  2 shambling mangroves
  8 ironbrand convokers
  13 deep elf archers
  A lindwurm (Lair:6)
  A harpy (Vaults:1)
  3 phantasmal warriors
  4 necromancers
  8 naga ritualists
  13 orc knights
  8 mana vipers
  54 deep elf magi
  3 manticores
  3 orc sorcerers (Orc:2)
  7 wolf spiders
  8 cyclopes
  4 large abominations (Depths:4)
  Maurice (D:8)
  A salamander (shapeshifter) (D:13)
  50 ugly things
  12 elephants
  19 moths of wrath
  An ice statue (IceCv)
  11 guardian serpents
  8 salamanders
  48 black mambas
  A guardian serpent (shapeshifter) (Vaults:1)
  17 naga magi
  10 apocalypse crabs (Zot:3)
  2 molten gargoyles (Lair:6)
  18 vault sentinels
  15 cane toads
  3 gargoyles
  An orange demon (Depths:3)
  A cane toad (shapeshifter) (Depths:3)
  6 centaur skeletons
  A kobold demonologist (D:14)
  2 torpor snails
  12 freezing wraiths
  56 yaktaurs
  A hellion (Depths:3)
  6 komodo dragons
  A yaktaur (shapeshifter) (Vaults:5)
  2 minotaur zombies (Lab)
  A rime drake (shapeshifter) (Vaults:5)
  2 ice devils (Lair:4)
  A jumping spider (shapeshifter) (Vaults:2)
  3 tengu conjurers
  A hornet (shapeshifter) (Vaults:5)
  21 polar bears (IceCv)
  Prince Ribbit (D:8)
  6 tyrant leeches
  11 hornets
  2 trolls (shapeshifter)
  9 trolls
  13 dream sheep
  40 slime creatures
  13 bog bodies
  8 removed hippogriffs
  A raiju (shapeshifter) (Depths:3)
  7 blink frogs
  A snapping turtle (shapeshifter) (Vaults:3)
  A stone giant simulacrum (Vaults:1)
  A frost giant simulacrum (Vaults:3)
  A spriggan (shapeshifter) (Vaults:4)
  11 wraiths
  78 yaks
  6 shadows
  9 wyverns
  3 spriggans
  3 water elementals
  A ynoxinul (Depths:3)
  3 vampires
  An air elemental (Elf:2)
  A tarantella (shapeshifter) (Vaults:3)
  A hog (shapeshifter) (Vaults:1)
  4 basilisks
  A fire bat (shapeshifter) (Depths:4)
  A human (D:7)
  5 fire elementals
  7 hogs
  Grum (D:8)
  5 chaos spawn (Depths:4)
  18 vampire mosquitoes
  10 wargs
  12 insubstantial wisps
  15 swamp worms
  49 nagas
  15 removed porcupines
  4 acid dragons
  4 hell hounds (Lair:6)
  17 water moccasins
  A floating eye (shapeshifter) (Vaults:3)
  17 swamp drakes
  6 ice beasts
  3 black bears
  2 eyes of draining (shapeshifter)
  44 orc warriors
  4 sky beasts
  A necrophage (D:7)
  A phantom (D:10)
  37 ogres
  26 wolves
  2 black bears (shapeshifter)
  An ogre (shapeshifter) (Vaults:3)
  12 boggarts
  6 centaurs
  17 removed crocodiles
  3 big kobolds
  Blork the orc (D:4)
  29 bullfrogs
  3 elf skeletons (D:5)
  2 earth elementals
  A deep troll simulacrum (Vaults:1)
  4 scorpions
  29 killer bees
  4 wights (D:15)
  3 howler monkeys
  5 lava snakes
  2 bullfrog zombies
  4 centaur zombies
  5 crimson imps
  A quasit (D:6)
  3 hounds
  11 orc priests
  4 bullfrog skeletons
  An iron imp (Depths:1)
  5 iguanas
  26 orc wizards
  Natasha (D:4)
  A human skeleton (D:5)
  9 worker ants
  13 hell rats (Lair:5)
  A hound skeleton (D:5)
  11 gnolls
  7 adders
  3 oozes
  3 worms
  An adder skeleton (D:6)
  2 adder zombies (D:9)
  A dart slug (D:2)
  A leopard gecko (D:6)
  94 orcs
  5 giant cockroaches
  5 goblins
  9 hobgoblins
  14 jackals
  7 quokkas
  8 ball pythons
  12 bats
  4 frilled lizards
  24 kobolds
  2 orc skeletons (D:5)
  9 rats
  4 briar patches (Swamp:3)
  A crawling corpse (Vaults:4)
  11 fungi
  16 plants
2264 creatures vanquished.

Vanquished Creatures (collateral kills)
  A golden dragon (Depths:2)
  Jory (Vaults:4)
  A titan (Depths:4)
  An Orb Guardian (Zot:5)
  Kirke (Swamp:4)
  A nagaraja (Snake:4)
  An orc warlord (Orc:2)
  A deep elf sorcerer (Elf:3)
  4 deep elf elementalists (Elf:3)
  A stone giant (Depths:1)
  A deep elf annihilator (Elf:3)
  A large abomination (Depths:4)
  A deep elf death mage (Elf:3)
  A deep elf high priest (Elf:3)
  11 hydras
  2 naga warriors (Snake:4)
  An anaconda (Snake:4)
  2 orc high priests (Orc:2)
  A hell knight (Depths:4)
  A salamander mystic (Snake:4)
  A deep elf archer (Elf:3)
  A glowing orange brain (Depths:1)
  A flayed ghost (Depths:1)
  An orc knight (Vaults:4)
  2 swamp dragons
  2 mana vipers (Snake:4)
  2 deep elf magi (Elf:3)
  A necromancer (Depths:3)
  An orc sorcerer (Vaults:4)
  A salamander (Snake:4)
  2 guardian serpents (Snake:4)
  2 naga magi (Snake:4)
  A komodo dragon (Lair:6)
  A tyrant leech (Swamp:3)
  2 bog bodies (Swamp:4)
  2 spriggans
  A basilisk (Lair:6)
  2 hogs (Swamp:4)
  2 vampire mosquitoes (Swamp:4)
  An insubstantial wisp (Swamp:3)
  A swamp worm (Swamp:3)
  3 nagas (Snake:4)
  3 orc warriors (Orc:2)
  A swamp drake (Swamp:3)
  A boggart (Depths:3)
  3 orc wizards (Vaults:4)
  An orc (Vaults:4)
77 creatures vanquished.

Vanquished Creatures (others)
  Vashnia (Snake:3)
  A fire giant (Depths:4)
  A stone giant (Depths:2)
  2 spark wasps (Depths:5)
  2 yaktaur captains
  A hydra (Swamp:4)
  2 centaur warriors
  3 naga sharpshooters
  A deep elf knight (Elf:1)
  A spriggan druid (Swamp:3)
  2 deep elf archers
  2 cyclopes (Vaults:1)
  A guardian serpent (Snake:4)
  A cane toad (Swamp:4)
  A tengu conjurer (Elf:1)
  4 yaktaurs
  A hornet (Swamp:4)
  A human (Swamp:4)
  2 spriggans
  A swamp drake (Swamp:4)
  A boggart (Vaults:3)
  5 centaurs
  A big kobold (D:14)
  A wight (D:15)
  A jelly (D:5)
  A hound (D:5)
  A shadow imp (D:14)
  4 orcs
  A bush (Lair:5)
  34 fungi
  16 plants
97 creatures vanquished.

Grand Total: 2438 creatures vanquished

Notes
Turn   | Place    | Note
-------+----------+-------------------------------------------
     0 | D:1      | DerHolg the Minotaur Berserker began the quest for the Orb.
     0 | D:1      | Reached XP level 1. HP: 19/19 MP: 0/0
   294 | D:1      | Reached XP level 2. HP: 26/27 MP: 1/1
  1208 | D:2      | Reached skill level 4 in Fighting
  1304 | D:2      | Found a sacrificial altar of Ru.
  1314 | D:2      | Reached XP level 3. HP: 33/33 MP: 2/2
  1315 | D:2      | Found a white marble altar of Elyvilon.
  1315 | D:2      | Found a glowing silver altar of Zin.
  1315 | D:2      | Found a shattered altar of Ashenzari.
  1316 | D:2      | Found an ornate altar of the Wu Jian Council.
  1388 | D:2      | Reached ** piety under Trog
  1517 | D:2      | Found a bloodstained altar of Trog.
  1973 | D:3      | Reached skill level 1 in Shields
  1976 | D:3      | Reached XP level 4. HP: 34/40 MP: 3/3
  2663 | D:3      | Reached XP level 5. HP: 45/47 MP: 4/4
  3213 | D:4      | Reached skill level 5 in Axes
  3213 | D:4      | Reached XP level 6. HP: 55/55 MP: 5/5
  3248 | D:4      | Reached skill level 5 in Fighting
  3314 | D:4      | Reached *** piety under Trog
  3333 | D:4      | Noticed Natasha
  3343 | D:4      | Killed Natasha
  3397 | D:4      | Found a staircase to the Ecumenical Temple.
  3430 | D:4      | Reached XP level 7. HP: 50/61 MP: 6/6
  3773 | D:4      | Noticed Blork the orc
  3787 | D:4      | Killed Blork the orc
  4403 | D:5      | Entered Level 5 of the Dungeon
  4415 | D:5      | Noticed Pikel
  4435 | D:5      | Killed Pikel
  4435 | D:5      | Reached skill level 6 in Fighting
  4435 | D:5      | Reached skill level 5 in Armour
  4435 | D:5      | Reached skill level 5 in Dodging
  4435 | D:5      | Reached XP level 8. HP: 71/71 MP: 7/7
  4534 | D:5      | Got a pair of fine gloves
  4663 | D:5      | Reached skill level 5 in Shields
  5417 | D:6      | Identified the +2 pair of gloves of the Greedy {Dex+5} (You
                  | found it on level 5 of the Dungeon)
  5602 | D:6      | Reached skill level 7 in Fighting
  5656 | D:6      | Reached **** piety under Trog
  6109 | D:6      | Reached XP level 9. HP: 79/79 MP: 8/8
  6715 | D:7      | Found a stormy altar of Qazlal.
  7315 | D:8      | Reached skill level 8 in Fighting
  7416 | D:8      | Noticed Maurice
  7416 | D:8      | Noticed Prince Ribbit
  7448 | D:8      | Killed Prince Ribbit
  7457 | D:8      | Killed Maurice
  7509 | D:8      | Reached XP level 10. HP: 89/90 MP: 9/9
  7587 | D:8      | Noticed a two-headed ogre
  7609 | D:8      | Killed a two-headed ogre
  7732 | D:8      | Reached skill level 9 in Fighting
  7788 | D:8      | Noticed Erica
  7801 | D:8      | Killed Erica
  8072 | D:8      | Noticed Grum
  8072 | D:8      | Upgraded the game from 0.22-a0-396-g3f858e37d3 to
                  | 0.22-a0-398-g8bb545f033
  8081 | D:8      | Killed Grum
  8378 | D:8      | Reached ***** piety under Trog
  8596 | D:9      | Noticed a two-headed ogre
  8599 | D:9      | Killed a two-headed ogre
  8703 | D:9      | Reached XP level 11. HP: 97/99 MP: 10/10
  8773 | D:9      | Reached skill level 10 in Axes
  8940 | D:9      | Reached skill level 10 in Fighting
  8976 | D:9      | Received a gift from Trog
  9018 | D:9      | Noticed Stone's ghost (novice OpFE)
  9048 | D:9      | Killed Stone's ghost
  9838 | D:9      | Found a staircase to the Lair.
 10038 | D:10     | Entered Level 10 of the Dungeon
 10192 | D:10     | Noticed a two-headed ogre
 10203 | D:10     | Killed a two-headed ogre
 10203 | D:10     | Reached skill level 10 in Armour
 10298 | D:10     | Noticed a two-headed ogre
 10308 | D:10     | Killed a two-headed ogre
 10772 | D:10     | Upgraded the game from 0.22-a0-398-g8bb545f033 to
                  | 0.22-a0-402-ga933591907
 11029 | D:11     | Received a gift from Trog
 11225 | D:11     | Reached skill level 10 in Shields
 11407 | D:11     | Found a staircase to the Orcish Mines.
 11936 | Lair:1   | Entered Level 1 of the Lair of Beasts
 11957 | D:9      | Reached skill level 11 in Fighting
 12091 | Lair:1   | Reached skill level 10 in Dodging
 12091 | Lair:1   | Reached XP level 12. HP: 107/110 MP: 11/11
 12858 | Lair:1   | Got an encrusted war axe
 12864 | Lair:1   | Identified the +6 war axe of Nanafoifeos {chop, rC+} (You
                  | found it on level 1 of the Lair of Beasts)
 13094 | Lair:1   | Noticed a five-headed hydra
 13101 | Lair:1   | Killed a five-headed hydra
 13742 | Lair:2   | Noticed a four-headed hydra
 13761 | Lair:2   | Killed a four-headed hydra
 14046 | Lair:2   | Reached skill level 12 in Fighting
 14594 | Lair:3   | Noticed Gastronok
 14599 | Lair:3   | Found a staircase to the Snake Pit.
 15100 | Lair:3   | Received a gift from Trog
 15236 | Lair:4   | Reached XP level 13. HP: 112/118 MP: 12/12
 15507 | Lair:4   | Received a gift from Trog
 15534 | Lair:4   | Found a frozen archway.
 15565 | IceCv    | Entered an ice cave
 15752 | IceCv    | Received a gift from Trog
 15755 | IceCv    | Got a twisted war axe {god gift}
 15756 | IceCv    | Identified the +13 war axe of the Skies Above {venom, +Inv
                  | Int+3} (Trog gifted it to you in an ice cave)
 16216 | IceCv    | Noticed a frost giant
 16229 | IceCv    | Killed a frost giant
 16233 | IceCv    | Reached skill level 13 in Fighting
 16238 | IceCv    | Reached ****** piety under Trog
 16274 | IceCv    | Got an encrusted broad axe
 16326 | IceCv    | Identified the cursed +0 broad axe of Koageunt {vamp,
                  | Int+5} (You found it in an ice cave)
 16584 | Lair:4   | Found a staircase to the Swamp.
 17843 | Lair:5   | Reached XP level 14. HP: 109/129 MP: 13/13
 18146 | Lair:5   | Got an ichor-stained leather armour
 18147 | Lair:5   | Identified the +2 leather armour of Kleptomania {Int+5}
                  | (You found it on level 5 of the Lair of Beasts)
 18723 | Lair:6   | Entered Level 6 of the Lair of Beasts
 18724 | Lair:6   | Upgraded the game from 0.22-a0-402-ga933591907 to
                  | 0.22-a0-404-g35e51767bf
 18743 | Lair:5   | Received a gift from Trog
 18994 | Lair:6   | Found a staircase to the Slime Pits.
 18995 | Lair:6   | Found a viscous altar of Jiyva.
 19044 | Lair:6   | Noticed Rupert
 19058 | Lair:6   | Killed Rupert
 19676 | Lair:6   | Found a large runed door.
 19677 | Lair:6   | Found a large runed door.
 19700 | Lair:6   | Reached skill level 14 in Fighting
 21319 | D:12     | Noticed Josephine
 21327 | D:12     | Killed Josephine
 21330 | D:12     | Received a gift from Trog
 21685 | D:12     | Received a gift from Trog
 22223 | Orc:1    | Entered Level 1 of the Orcish Mines
 22679 | Orc:2    | Entered Level 2 of the Orcish Mines
 22736 | Orc:2    | Noticed an orc warlord
 22742 | Orc:2    | Reached XP level 15. HP: 93/139 MP: 14/14
 22744 | Orc:2    | Killed an orc warlord
 22745 | Orc:2    | Found Errukhli's Antique Armour Boutique.
 22798 | Orc:2    | Found a staircase to the Elven Halls.
 22966 | Orc:2    | Paralysed by an orc sorcerer for 4 turns
 22985 | Orc:2    | Found Puim's General Store.
 23097 | Orc:2    | Found a labyrinth entrance.
 23106 | Lab      | Entered a Labyrinth
 23434 | Orc:2    | Found Foipy's Jewellery Shoppe.
 23448 | Orc:2    | Bought an uncursed ring of poison resistance for 340 gold
                  | pieces
 23606 | Orc:2    | Received a gift from Trog
 23607 | Orc:2    | Found Ekelych's Antique Weapon Boutique.
 24011 | Orc:1    | Found a roughly hewn altar of Beogh.
 24722 | D:13     | Found a gate to the Vaults.
 25088 | D:13     | Reached skill level 15 in Axes
 25260 | D:14     | Noticed tmwh's ghost (journeyman GrFi)
 25274 | D:14     | Killed tmwh's ghost
 25304 | D:14     | Reached skill level 15 in Fighting
 25407 | D:14     | Found the ring of Phasing {EV+8}
 25415 | D:14     | Noticed Agnes
 25425 | D:14     | Killed Agnes
 25630 | D:14     | Reached skill level 15 in Armour
 25643 | D:14     | Received a gift from Trog
 26296 | D:15     | Entered Level 15 of the Dungeon
 26536 | D:15     | Found Iliruhun's Antique Armour Shoppe.
 26686 | D:15     | Bought a slimy shield for 256 gold pieces
 26696 | D:15     | Identified the +6 shield "Unlisena" {-Tele MR+++ Int-5
                  | Stlth+} (You bought it in a shop on level 15 of the
                  | Dungeon)
 26753 | D:15     | Found a staircase to the Depths.
 26753 | D:15     | Noticed a fire giant
 27099 | D:15     | Reached skill level 15 in Shields
 27116 | D:15     | Reached XP level 16. HP: 127/149 MP: 15/15
 27392 | D:15     | Found Ceitwox's Magic Scroll Boutique.
 27539 | D:15     | Found Diott's Jewellery Shoppe.
 28015 | Swamp:1  | Entered Level 1 of the Swamp
 28016 | Swamp:1  | Upgraded the game from 0.22-a0-404-g35e51767bf to
                  | 0.22-a0-407-gb098539405
 28168 | Swamp:1  | Lost intelligence.
 28672 | Swamp:1  | Received a gift from Trog
 29575 | Swamp:2  | Received a gift from Trog
 29575 | Swamp:2  | Reached skill level 16 in Fighting
 30500 | Swamp:3  | Noticed a thorn hunter
 30510 | Swamp:3  | Killed a thorn hunter
 30564 | Swamp:3  | Found the +0 Maxwell's etheric cage {RegenMP+ *Contam rElec
                  | MP+4}
 30601 | Swamp:3  | Noticed a thorn hunter
 30612 | Swamp:3  | Killed a thorn hunter
 30898 | Swamp:4  | Entered Level 4 of the Swamp
 30914 | Swamp:4  | Reached skill level 15 in Dodging
 31033 | Swamp:4  | Received a gift from Trog
 31742 | Swamp:4  | Reached skill level 17 in Fighting
 31774 | Swamp:4  | Reached XP level 17. HP: 161/161 MP: 16/16
 31996 | Swamp:4  | Noticed the 27-headed Lernaean hydra
 31998 | Swamp:4  | Noticed Kirke
 32003 | Swamp:4  | Killed the 26-headed Lernaean hydra
 32005 | Swamp:4  | Killed Kirke
 32038 | Swamp:4  | Got a decaying rune of Zot
 32504 | Snake:1  | Entered Level 1 of the Snake Pit
 33914 | Snake:2  | Reached skill level 18 in Fighting
 33955 | Snake:2  | Received a gift from Trog
 33978 | Snake:2  | Upgraded the game from 0.22-a0-407-gb098539405 to
                  | 0.22-a0-408-g0c774a7e83
 34884 | Snake:3  | Found Wiodugun's Book Shoppe.
 35210 | Snake:3  | Found a runed gate.
 35210 | Snake:3  | Found a runed gate.
 35210 | Snake:3  | Found a runed gate.
 35389 | Snake:4  | Entered Level 4 of the Snake Pit
 35532 | Snake:4  | Received a gift from Trog
 35570 | Snake:4  | Found Lewnas's Weapon Shoppe.
 35589 | Snake:4  | Bought the +0 war axe of Equilibrium {flame, rF+ rN+} for
                  | 367 gold pieces
 35589 | Snake:4  | Lost intelligence.
 35672 | Snake:4  | Reached XP level 18. HP: 173/173 MP: 17/17
 36023 | Snake:4  | Reached skill level 19 in Fighting
 36025 | Snake:4  | Noticed Vashnia
 36630 | Snake:3  | Killed Vashnia
 37410 | Snake:4  | Got a serpentine rune of Zot
 37665 | Lair:3   | Killed Gastronok
 37842 | Vaults:1 | Entered Level 1 of the Vaults
 37842 | Vaults:1 | Found a magical portal.
 37996 | Vaults:1 | Reached skill level 20 in Fighting
 38363 | Vaults:1 | Received a gift from Trog
 38373 | Vaults:1 | Reached XP level 19. HP: 179/185 MP: 18/18
 39258 | Vaults:1 | Received a gift from Trog
 39548 | Vaults:2 | Upgraded the game from 0.22-a0-408-g0c774a7e83 to
                  | 0.22-a0-409-gb855193d78
 39565 | Vaults:2 | Noticed Saint Roka
 39586 | Vaults:2 | Killed Saint Roka
 39777 | Vaults:2 | Reached skill level 21 in Fighting
 40271 | Vaults:2 | Received a gift from Trog
 40653 | Vaults:2 | Reached XP level 20. HP: 142/198 MP: 19/19
 40660 | Vaults:2 | Lost intelligence.
 41737 | Vaults:3 | Found an ancient bone altar of Kikubaaqudgha.
 41755 | Vaults:3 | Reached skill level 22 in Fighting
 41802 | Vaults:3 | Found a staircase to the Crypt.
 41802 | Vaults:3 | Found a basalt altar of Yredelemnul.
 42066 | Vaults:3 | Received a gift from Trog
 42367 | Vaults:3 | Paralysed by a floating eye for 2 turns
 42382 | Vaults:3 | Paralysed by a floating eye for 3 turns
 42398 | Vaults:3 | Paralysed by a floating eye for 4 turns
 43016 | Vaults:4 | Noticed Jory
 43026 | Vaults:4 | Killed Jory
 43091 | Vaults:4 | Received a gift from Trog
 43267 | Vaults:4 | Noticed Jorgrun
 43304 | Vaults:4 | Killed Jorgrun
 43305 | Vaults:4 | Noticed Mennas
 43339 | Vaults:4 | Killed Mennas
 43828 | Vaults:4 | Reached XP level 21. HP: 210/210 MP: 20/20
 43852 | Vaults:4 | Reached skill level 23 in Fighting
 43968 | Vaults:4 | Received a gift from Trog
 44632 | Elf:1    | Entered Level 1 of the Elven Halls
 45060 | Elf:1    | Received a gift from Trog
 45098 | Elf:1    | Received a gift from Trog
 45663 | Elf:2    | Found a deep blue altar of Sif Muna.
 45732 | Elf:2    | Found a runed gate.
 45732 | Elf:2    | Found a runed gate.
 45732 | Elf:2    | Found a runed gate.
 45920 | Elf:3    | Entered Level 3 of the Elven Halls
 45946 | Elf:3    | Noticed Asterion
 45971 | Elf:3    | Killed Asterion
 46166 | Elf:3    | Found Cehuqeul's Gadget Boutique.
 46262 | Elf:3    | Found Juhe's Jewellery Shop.
 46476 | Elf:3    | Received a gift from Trog
 46804 | Elf:3    | Got a crude turquoise ring
 46829 | Elf:3    | Reached skill level 24 in Fighting
 46842 | Elf:3    | Identified the ring "Nuheag" {rElec EV+1} (You took it off
                  | a deep elf demonologist on level 3 of the Elven Halls)
 46845 | Elf:3    | Found the +8 lance "Wyrmbane" {slay drac, rPois rF+ rC+
                  | AC+3}
 46851 | Elf:3    | Identified the Papyrus of Igneous Air
 46890 | Elf:3    | Got a sapphire-encrusted ring mail
 46891 | Elf:3    | Identified the +4 ring mail of Deov {Str-4 Dex+4} (You
                  | found it on level 3 of the Elven Halls)
 47487 | Depths:1 | Entered Level 1 of the Depths
 47635 | Depths:1 | Found a gateway to a ziggurat.
 48005 | Depths:1 | Found a gateway to Hell.
 48065 | Depths:1 | Reached XP level 22. HP: 222/222 MP: 21/21
 48355 | Depths:1 | Lost intelligence.
 48739 | Depths:1 | Found a one-way gate leading to the halls of Pandemonium.
 48791 | Depths:1 | Found Noxkack's Armour Shoppe.
 49151 | Depths:2 | Found Gozag's Assorted Antiques.
 49172 | Depths:2 | Found Gozag's Antique Armour Shoppe.
 49172 | Depths:2 | Found an opulent altar of Gozag.
 49172 | Depths:2 | Noticed a golden dragon
 49173 | Depths:2 | Found Gozag's Assorted Antiques.
 49206 | Depths:2 | Received a gift from Trog
 49275 | Depths:2 | Killed a golden dragon
 51157 | Depths:3 | Received a gift from Trog
 51163 | Depths:3 | Reached skill level 25 in Fighting
 51848 | Depths:3 | Found a shattered altar of Ashenzari.
 51937 | Depths:3 | Reached XP level 23. HP: 234/234 MP: 22/22
 52075 | Depths:3 | Found Esead's Gadget Emporium.
 52075 | Depths:3 | Found Meupn's Jewellery Boutique.
 52076 | Depths:3 | Found Diroagg's Gadget Emporium.
 52828 | Depths:4 | HP: 11/234 [poisoned by a golden dragon (poison gas)]
 53411 | Depths:4 | Found the amulet of the Four Winds {rN+ MR+++ Clar}
 53470 | Depths:4 | Noticed Margery
 53471 | Depths:4 | Upgraded the game from 0.22-a0-409-gb855193d78 to
                  | 0.22-a0-414-gacd343e8ff
 53484 | Depths:4 | Killed Margery
 53880 | Depths:4 | Identified the Volume of Conjuration
 53997 | Depths:4 | Found a one-way gate to the infinite horrors of the Abyss.
 54074 | Depths:4 | Received a gift from Trog
 54643 | Depths:5 | Entered Level 5 of the Depths
 55189 | Depths:5 | Reached skill level 26 in Fighting
 56071 | Depths:5 | Found a gate to the Realm of Zot.
 56354 | Depths:5 | Received a gift from Trog
 56354 | Depths:5 | Reached XP level 24. HP: 226/245 MP: 22/22
 56435 | Depths:5 | Noticed a juggernaut
 56451 | Depths:5 | Killed a juggernaut
 56844 | Depths:5 | Upgraded the game from 0.22-a0-414-gacd343e8ff to
                  | 0.22-a0-422-g9628fc87f1
 57265 | Vaults:5 | Entered Level 5 of the Vaults
 57276 | Vaults:5 | Gained mutation: Your magical capacity is low. (-10% MP) [a
                  | cacodemon]
 57385 | Vaults:5 | Found the +8 frozen axe "Frostbite" {freezing cloud, *Noise
                  | +Fly rC+}
 57577 | Vaults:5 | Received a gift from Trog
 57578 | Vaults:5 | Found the +14 obsidian axe {chop, +Fly SInv *Curse}
 57835 | Vaults:5 | Noticed Boris
 57854 | Vaults:5 | Killed Boris
 57881 | Vaults:5 | Noticed an ancient lich
 57901 | Vaults:5 | Killed an ancient lich
 58017 | Vaults:5 | Got a silver rune of Zot
 58050 | Vaults:5 | Received a gift from Trog
 58437 | Vaults:5 | Identified the +2 hat "Imosymud" {Str+3 Int+3 Stlth-} (You
                  | found it on level 5 of the Vaults)
 58448 | Vaults:5 | Reached XP level 25. HP: 255/255 MP: 19/19
 58550 | Vaults:5 | Reached XP level 26. HP: 263/264 MP: 19/19
 58810 | Vaults:5 | Noticed an ancient lich
 58822 | Vaults:5 | Killed an ancient lich
 59153 | Vaults:5 | Reached skill level 27 in Fighting
 59221 | Vaults:5 | Received a gift from Trog
 59224 | Vaults:5 | Got a scorched broad axe {god gift}
 59226 | Vaults:5 | Identified the +7 broad axe of the Dove {chop, MR+ Str+2
                  | Int-2} (Trog gifted it to you on level 5 of the Vaults)
 59353 | Vaults:5 | Noticed an ancient lich
 59362 | Vaults:5 | Killed an ancient lich
 59893 | Zot:1    | Entered Level 1 of the Realm of Zot
 60805 | Zot:1    | Lost mutation: Your magical capacity is low. (-10% MP)
                  | [potion of mutation]
 60805 | Zot:1    | Gained mutation: You occasionally shout uncontrollably at
                  | your foes. [potion of mutation]
 60805 | Zot:1    | Gained mutation: You have a pair of large horns on your
                  | head. [potion of mutation]
 60805 | Zot:1    | Gained mutation: Your mind is acute. (Int +2) [potion of
                  | mutation]
 60805 | Zot:1    | Gained mutation: You are somewhat resistant to further
                  | mutation. [potion of mutation]
 60806 | Zot:1    | Lost mutation: You occasionally shout uncontrollably at
                  | your foes. [potion of mutation]
 60806 | Zot:1    | Lost mutation: You are somewhat resistant to further
                  | mutation. [potion of mutation]
 60806 | Zot:1    | Gained mutation: You possess an exceptional clarity of
                  | mind. [potion of mutation]
 60807 | Zot:1    | Lost mutation: You have a pair of large horns on your head.
                  | [potion of mutation]
 60807 | Zot:1    | Lost mutation: You possess an exceptional clarity of mind.
                  | [potion of mutation]
 60807 | Zot:1    | Lost mutation: Your mind is acute. (Int +2) [potion of
                  | mutation]
 60807 | Zot:1    | Gained mutation: You are frail. (-10% HP) [potion of
                  | mutation]
 60807 | Zot:1    | Gained mutation: You passively map a small area around you.
                  | [potion of mutation]
 60808 | Zot:1    | Lost mutation: You passively map a small area around you.
                  | [potion of mutation]
 60808 | Zot:1    | Lost mutation: You are frail. (-10% HP) [potion of
                  | mutation]
 60808 | Zot:1    | Gained mutation: Your magical capacity is low. (-10% MP)
                  | [potion of mutation]
 60808 | Zot:1    | Gained mutation: Your flesh is cold resistant. (rC+)
                  | [potion of mutation]
 60923 | Zot:1    | Gained mutation: Your magical capacity is very low. (-20%
                  | MP) [mutagenic glow]
 61678 | Zot:1    | Noticed an orb of fire
 61690 | Zot:1    | Gained mutation: Armour fits poorly on your strangely
                  | shaped body. [an orb of fire]
 61699 | Zot:1    | Killed an orb of fire
 62304 | Zot:1    | Lost mutation: Your magical capacity is very low. (-20% MP)
                  | [potion of mutation]
 62304 | Zot:1    | Lost mutation: Armour fits poorly on your strangely shaped
                  | body. [potion of mutation]
 62304 | Zot:1    | Lost mutation: Your magical capacity is low. (-10% MP)
                  | [potion of mutation]
 62304 | Zot:1    | Gained mutation: Your flesh is very cold resistant. (rC++)
                  | [potion of mutation]
 62304 | Zot:1    | Lost mutation: Your flesh is very cold resistant. (rC++)
                  | [potion of mutation]
 62304 | Zot:1    | Gained mutation: Your mind is acute. (Int +2) [potion of
                  | mutation]
 63531 | Zot:1    | Received a gift from Trog
 63670 | Zot:2    | Reached skill level 1 in Evocations
 64171 | Zot:2    | Reached skill level 5 in Evocations
 64775 | Zot:2    | Reached XP level 27. HP: 257/273 MP: 22/22
 65906 | Zot:2    | Noticed an orb of fire
 65922 | Zot:2    | Killed an orb of fire
 66879 | Zot:2    | Reached skill level 10 in Evocations
 67143 | Zot:2    | Received a gift from Trog
 71355 | Zot:4    | Found a transporter.
 71681 | Zot:4    | Found a transporter.
 71687 | Zot:4    | Noticed an orb of fire
 71697 | Zot:4    | Gained mutation: You are occasionally teleported next to
                  | monsters. [an orb of fire]
 71710 | Zot:4    | Killed an orb of fire
 71710 | Zot:4    | Received a gift from Trog
 72035 | Zot:4    | Reached skill level 15 in Evocations
 72693 | Zot:5    | Entered Level 5 of the Realm of Zot
 73123 | Zot:5    | Noticed an orb of fire
 73123 | Zot:5    | Noticed an orb of fire
 73124 | Zot:5    | Gained mutation: You are partially covered in icy blue
                  | scales. (AC +2) [an orb of fire]
 73130 | Zot:5    | Noticed an orb of fire
 73132 | Zot:5    | Gained mutation: You are weak. (Str -2) [an orb of fire]
 73142 | Zot:5    | Noticed an ancient lich
 73149 | Zot:5    | Noticed an orb of fire
 73157 | Zot:5    | HP: 11/273 [Executioner[an ancient lich] (7)]
 73158 | Zot:5    | HP: 2/273 [Executioner[an ancient lich] (9)]
 73158 | Zot:5    | Slain by an Executioner

Illustrated notes

Levels and vault maps discovered:
D:1:      lightli_arrival_flooded_house
D:2:      bloody_trog, grunt_temple_overflow_open
D:3:      serial_bayou_lagoon_b
D:4:      temple_pool_b, bh_walls_and_bars, uniq_blork_the_orc, uniq_natasha
D:5:      nicolae_ossuary_entry_catacombs, first_ration,
          kennysheep_decorative_pillar, minmay_misc_feat_columns,
          kennysheep_generic_room_2, uniq_pikel
D:6:      eino_small_chamber_without_monster
D:7:      grunt_livestock, lemuel_tele_altar
D:8:      worms_lemuel, uniq_erica, uniq_maurice, uniq_prince_ribbit1, uniq_grum
D:9:      grunt_lair_entry_orc_guard_hut
D:10:     minmay_misc_feat_ornament
D:11:     erik_orc_4
D:12:     kennysheep_generic_room_10, uniq_josephine
D:13:     david_vaults_4
D:14:     minmay_misc_feat_diagonals, uniq_agnes
D:15:     grunt_enter_depths_giant_problem, minmay_misc_feat_x, serial_shops,
          nicolae_shop_trees, shop, shop_fountains, grunt_ministairs_7
Lair:1:   st_stairs_3, grunt_megastairs_5, infiniplex_staircase_pool_2,
          serial_bayou_shore_a
Lair:3:   guppyfry_snake_entry_garden, uniq_gastronok
Lair:4:   wad_woods_structure_01, minmay_swamp_entry_reptiles,
          portal_ice_cave_demonic_guard
Lair:5:   minivault_25
Lair:6:   cheibrodos_lair_end_hotspot, slime_altar_1, st_stairs_5,
          serial_bayou_shore_b, uniq_rupert
Swamp:1:  evilmike_swamp_ruin_house_3
Swamp:2:  evilmike_swamp_ruin_house_5, swamp_pool5,
          nicolae_swamp_very_dense_foliage
Swamp:3:  nicolae_swamp_feature_on_the_river_bank, infiniplex_staircase_pool
Swamp:4:  grunt_swamp_rune_castle, swamp_pool1, ldierk_geyser, uniq_kirke
Snake:3:  serial_shops, shop, nicolae_snake_horde_hoard
Snake:4:  johnstein_snake_rune_scales, serial_shops,
          nicolae_shop_temple_entry_statues_fountains
Orc:1:    basic_altar
Orc:2:    grunt_orc_gardens, grunt_orc_garden, grunt_orc_garden,
          grunt_orc_garden, grunt_orc_garden, lab_entry_generic, mines_bat_river
Elf:1:    dk_noncrumbling_4, hangedman_elf_disciples
Elf:2:    lemuel_blue_sif_altar
Elf:3:    minmay_elf_hall_curves, serial_shops, shop, shop,
          basic_stair_grate_trap, grunt_megastairs_1, uniq_asterion
Vaults:1: vaults_room_glass_cross, vaults_room_semicircle,
          vaults_room_grunt_arrival_ludios, v_pattern_2,
          vaults_room_stairs_pillars, nicolae_vaults_windows_and_doors_thing,
          v_misc_25, nicolae_vaults_triangles, nicolae_vaults_little_squares_3,
          nicolae_vaults_circle_grid_b, hangedman_vaults_stream, v_rooms_2,
          vaults_room_pool, grunt_vaults_focal, lightli_enter_wizlab_magi_temple
Vaults:2: v_rooms_1, hangedman_vaults_snaps, ontoclasm_vaults_loading_screen,
          dpeg_vaults_monster_box, st_more_cells, nicolae_vaults_asterisk,
          uniq_saint_roka
Vaults:3: hangedman_vaults_nodes, vaults_room_ringed_pool,
          nicolae_vaults_network_star, grunt_vaults_hallway_short,
          vaults_mumra_chevron_long, hangedman_vaults_impose,
          hangedman_vaults_slice, hangedman_vaults_corner_blocks,
          ontoclasm_vaults_ring_square, minmay_crypt_entry_necro_gods,
          v_misc_28, vaults_mumra_hex, v_misc_31, nicolae_vaults_asterisk
Vaults:4: nicolae_vaults_diagonal_hallway_7, hangedman_vaults_trim,
          hangedman_vaults_corner, v_alt_pattern_1, vaults_dpeg_cross,
          vaults_room_corners, nicolae_vaults_ring_of_whatevers, v_misc_22,
          v_misc_30, nicolae_vaults_shelves_hall, v_misc_13, v_misc_10,
          nicolae_vaults_yaktaur_gun_rack, uniq_mennas, uniq_jorgrun, uniq_jory
Vaults:5: uniq_boris, uniq_bai_suzhen
Depths:1: enter_ziggurat_a, hell_entry, serial_shops, kennysheep_mini_moat,
          rand_demon_pan_entry_9, dk_noncrumbling_3, spider_trap,
          corexii_hall_statues_x, minivault_1, minmay_protected_statue,
          kennysheep_random_hallway
Depths:2: kennysheep_gozag_temple, minmay_stone_trees_small,
          hangedman_coc_ice_floe, infiniplex_staircase_x
Depths:3: evilmike_diamond_1, rand_demon_pan_entry_1, hell_entry,
          hangedman_abyss_or_decor_slice, nicolae_ashenzari_panopticon,
          minmay_shop_grove, infiniplex_staircase_squiggle, serial_bayou_shore_b
Depths:4: minmay_the_grid_net, pf_hell_entry_great_geh, minmay_room_of_horrors,
          serial_bayou_shore_b, serial_bayou_shore_b, uniq_margery
Depths:5: grunt_zot_entry_bicorn, nrook_mini_vaults, hell_entry,
          kennysheep_underground_church, basic_stair_grate_trap
Zot:1:    hangedman_zot_decor_checkerboard, grunt_megastairs_3
Zot:2:    grunt_megastairs_4
Zot:3:    gammafunk_mikee_crab_dinner, layout_cellular_growth
Zot:4:    gammafunk_sealed_arena, layout_cellular_growth
Zot:5:    layout_gridlike

Skill      XL: |  1  2  3  4  5  6  7  8  9 10 11 12 13 14 15 16 17 18 19 20 21 22 23 24 25 26 27 |
---------------+----------------------------------------------------------------------------------+-----
Axes           | 4 5 6 7 8 9 11 12 13 14 15 16 17 18 19 20 21 22 23 | 23.7
Fighting       | 4 5 6 7 8 9 11 12 13 14 15 17 18 20 21 22 24 25 26 27 | 27.0
Armour         | 3 4 5 6 8 9 10 12 13 14 15 16 17 18 19 20 21 22 23 | 23.6
Shields        | 1 2 3 4 5 7 8 10 11 12 13 15 17 18 19 | 19.6
Dodging        | 3 4 5 6 7 8 10 11 12 13 14 15 16 17 18 19 20 21 22 | 22.1
Evocations     | 7 15 | 15.6

Action                   |  1- 3 |  4- 6 |  7- 9 | 10-12 | 13-15 | 16-18 | 19-21 | 22-24 | 25-27 || total
-------------------------+-------+-------+-------+-------+-------+-------+-------+-------+-------++-------
Melee: Hand axe          |    99 |   106 |   290 |       |       |       |       |       |       ||   495
       Headbutt          |    19 |    22 |    80 |   199 |   449 |   442 |   520 |   625 |   500 ||  2856
       Broad axe         |       |       |    68 |   550 |       |       |       |       |   301 ||   919
       War axe           |       |       |       |   168 |  1174 |  1298 |  1420 |  1506 |   836 ||  6402
       Whip              |       |       |       |     9 |    88 |       |       |       |       ||    97
Throw: Boomerang         |       |       |     3 |       |       |       |       |       |       ||     3
       Javelin           |       |       |       |       |    16 |     5 |       |       |       ||    21
Invok: Berserk           |       |     2 |     2 |     5 |     3 |     5 |       |     3 |     3 ||    23
       Trog's Hand       |       |       |       |     1 |     2 |     2 |     1 |     1 |       ||     7
       Brothers in Arms  |       |       |       |       |     4 |    15 |     4 |    14 |     8 ||    45
 Abil: Evoke Invisibilit |       |       |       |       |       |       |       |       |     1 ||     1
Evoke: Wand              |       |       |       |     3 |     3 |     7 |       |       |     1 ||    14
  Use: Scroll            |       |       |     4 |    16 |    16 |     5 |    13 |    13 |    13 ||    80
       Potion            |       |       |       |     1 |       |     1 |       |     5 |    12 ||    19
 Stab: Petrified         |       |       |       |       |     3 |       |       |       |       ||     3
       Confused          |       |       |       |       |       |     1 |       |       |       ||     1
       Distracted        |       |       |       |       |       |     2 |     1 |     5 |       ||     8
       Invisible         |       |       |       |       |       |       |       |       |     2 ||     2
       Petrifying        |       |       |       |       |       |       |       |       |     1 ||     1
       Paralysed         |       |       |       |       |       |       |       |       |     1 ||     1
  Eat: Removed food      |     3 |     7 |     5 |    14 |    28 |    14 |    23 |    13 |     2 ||   109
       Removed food      |       |       |     3 |     5 |     6 |    10 |     3 |     9 |     4 ||    40
Armor: Animal skin       |    17 |       |       |       |       |       |       |       |       ||    17
       Ring mail         |       |    21 |    16 |       |    37 |       |       |       |       ||    74
       Chain mail        |       |       |   126 |   199 |   157 |   248 |   114 |   116 |       ||   960
       Skin              |       |       |       |     2 |       |       |       |       |       ||     2
       Leather armour    |       |       |       |       |    37 |       |       |       |       ||    37
       Plate armour      |       |       |       |       |       |       |       |   161 |   334 ||   495
Dodge: Dodged            |    51 |    66 |   101 |   191 |   458 |   741 |   467 |   624 |   596 ||  3295
Block: Tower shield      |       |       |   157 |   560 |    41 |       |       |  1139 |   557 ||  2454
       Reflection        |       |       |     5 |    16 |    51 |   139 |   126 |    28 |     4 ||   369
       Kite shield       |       |       |       |   111 |   735 |  1388 |   923 |    20 |   300 ||  3477

Table legend: (Time is in decaauts)
 A = Elapsed time spent in this place.
 B = Non-inter-level travel time spent in this place.
 C = Inter-level travel time spent in this place.
 D = Time resting spent in this place.
 E = Time spent auto-exploring this place.
 F = Levels seen in this place.
 G = Mean time per level.
                   A        B        C        D        E       F      G
               +--------+--------+--------+--------+--------+-----+--------+
         Total |  72115 |  66897 |   5218 |  18218 |  31084 |  51 | 1414.0 |
       Dungeon |  18243 |  16573 |   1670 |   3472 |   9253 |  15 | 1216.2 |
          Lair |   8671 |   7943 |    728 |   1550 |   4227 |   6 | 1445.2 |
         Swamp |   4731 |   4289 |    442 |   1006 |   2177 |   4 | 1182.8 |
     Snake Pit |   4950 |   4791 |    159 |   1233 |   2335 |   4 | 1237.5 |
  Orcish Mines |   1466 |   1279 |    187 |     73 |    728 |   2 |  733.0 |
   Elven Halls |   2624 |   2525 |     99 |    147 |   1640 |   3 |  874.7 |
        Vaults |   8695 |   8069 |    626 |   1239 |   3894 |   5 | 1739.0 |
        Depths |  10565 |   9721 |    844 |   4175 |   3352 |   5 | 2113.0 |
           Zot |  11170 |  10710 |    460 |   5156 |   3239 |   5 | 2234.0 |
     Labyrinth |    258 |    258 |      0 |      0 |      0 |   1 |  258.0 |
      Ice Cave |    738 |    738 |      0 |    164 |    238 |   1 |  738.0 |
               +--------+--------+--------+--------+--------+-----+--------+

Top non-repeatable levels by time:
   Zot:2: 3865 daAuts
   Zot:3: 3370 daAuts
   Zot:4: 1258 daAuts
   Zot:1: 526 daAuts
   Zot:5: 447 daAuts
Depths:4: 150 daAuts
    D:15: 148 daAuts
Depths:5: 138 daAuts
Depths:1: 90 daAuts
    D:14: 83 daAuts
Depths:3: 78 daAuts
Depths:2: 74 daAuts
 Swamp:1: 68 daAuts
 Swamp:2: 61 daAuts
  Lair:1: 59 daAuts
Note: time per level data comes from an upgraded game and may be incomplete.
